 Dungeon Crawl Stone Soup version 0.29-a0-819-g94b489e0ae (webtiles) character file.

Game seed: 1386393475455932624

6417 buhh the Nimble (level 10, -11/68 HPs)
             Began as an Octopode Transmuter on July 7, 2022.
             Was an Elder of Cheibriados.
             Mangled by Gastronok (39 damage)
             ... on level 1 of the Lair of Beasts.
             The game lasted 00:22:13 (11653 turns).

buhh the Nimble (Octopode Transmuter)              Turns: 11653, Time: 00:22:14

Health: -11/68     AC:  1    Str: 18    XL:     10   Next: 98%
Magic:  20/24      EV: 23    Int: 29    God:    Cheibriados [****..]
Gold:   650        SH:  0    Dex: 28    Spells: 3/13 levels left

rFire   . . .      SeeInvis .     - Unarmed
rCold   . . .      Faith    .   (no shield)
rNeg    . . .      Spirit   .   (helmet restricted)
rPois   .          Reflect  .   r - amulet of the acrobat
rElec   .          Harm     .   b - ring of magical power
rCorr   .          Rampage  .   m - ring of flight
Will    .....                   o - +6 ring of dexterity
Stlth   ++++......              (no ring)
HPRegen 0.21/turn               (no ring)
MPRegen 0.19/turn               (no ring)
                                (no ring)
                                (no ring)

@: flying, very slightly contaminated, slowed, very slow
A: almost no armour, amphibious, 8 rings, camouflage 1, gelatinous body 1,
(nimble swimmer 1), tentacles
a: Renounce Religion, Bend Time, Temporal Distortion, Slouch


You were on level 1 of the Lair of Beasts.
You worshipped Cheibriados.
Cheibriados was greatly pleased with you.
You visited 3 branches of the dungeon, and saw 11 of its levels.

You collected 650 gold pieces.

Inventory:

Missiles
 k - 4 throwing nets
 t - 14 poisoned darts
Magical Staves
 h - a staff of death
Jewellery
 b - a ring of magical power (left tentacle)
 m - a ring of flight (right tentacle)
 o - a +6 ring of dexterity (on tentacle)
 r - an amulet of the acrobat (around mantle)
Wands
 p - a wand of polymorph (4)
 q - a wand of roots (1)
Scrolls
 f - a scroll of enchant armour
 l - 2 scrolls of noise
 u - a scroll of teleportation {!d}
 y - 5 scrolls of identify {unknown}
 z - 3 scrolls of silence {unknown}
 A - a scroll of summoning {unknown}
 B - a scroll of acquirement {unknown}
 D - 2 scrolls of fog
 F - a scroll of magic mapping {unknown}
Potions
 a - a potion of lignification {!d}
 c - a potion of ambrosia {unknown}
 d - 4 potions of brilliance {unknown}
 e - 2 potions of cancellation {unknown}
 g - 3 potions of curing {unknown}
 i - 3 potions of mutation {unknown}
 j - 4 potions of heal wounds {unknown}
 n - 2 potions of magic {unknown}
 v - a potion of haste {unknown}
 w - a potion of invisibility {unknown}
 x - a potion of might {unknown}
 C - a potion of resistance {unknown}
 E - 2 potions of attraction {unknown}
Miscellaneous
 s - a phantom mirror (inert)


   Skills:
 - Level 6.0 Fighting
 - Level 10.0 Dodging
 - Level 3.0 Stealth
 - Level 7.0 Unarmed Combat
 - Level 2.0 Spellcasting
 - Level 5.0 Transmutations
 - Level 5.0 Ice Magic
 - Level 2.0 Poison Magic
 + Level 6.7 Invocations


You had 3 spell levels left.
You knew the following spells:

 Your Spells              Type           Power      Damage    Failure   Level
a - Beastly Appendage     Tmut           62%        N/A       1%          1
b - Wereblood             Tmut           31%        N/A       1%          2
c - Spider Form           Tmut/Pois      23%        N/A       6%          3
d - Ice Form              Ice/Tmut       31%        N/A       11%         4

Your spell library contained the following spells:

 Spells                   Type           Power      Damage    Failure   Level
 Slow                     Hex            8%         N/A       9%          1
 Ignite Poison            Fire/Tmut/Pois 16%        N/A       10%         3
 Mephitic Cloud           Conj/Pois/Air  6%         N/A       21%         3
 Confusing Touch          Hex            2%         N/A       26%         3
 Gell's Gravitas          Tloc           2%         N/A       26%         3
 Teleport Other           Tloc           2%         N/A       26%         3
 Vampiric Draining        Necr           2%         2d6       26%         3
 Petrify                  Tmut/Erth      17%        N/A       30%         4
 Metabolic Englaciation   Hex/Ice        8%         N/A       63%         5
 Freezing Cloud           Conj/Ice/Air   6%         6-21      77%         5
 Statue Form              Tmut/Erth      11%        N/A       99%         6
 Dispersal                Tloc           1%         N/A       100%        6


Dungeon Overview and Level Annotations

Branches:
Dungeon (8/15) Zot: 39653  Temple (1/1) D:4 Zot: 8939    Lair (2/6) D:8 Zot: 15771
  Swamp: Lair:2-4    Shoals: Lair:2-4     Snake: Lair:2-4    Spider: Lair:2-4

Altars:
Ashenzari
Cheibriados
Dithmenos
Elyvilon
Fedhas
Gozag
Hepliaklqana
Kikubaaqudgha
Qazlal
Sif Muna
Vehumet
Wu Jian
Xom
Yredelemnul
Zin
The Shining One

Annotations:
D:1 exclusion: kobold
D:4 4 runed translucent doors
D:6 exclusion: moth of wrath
D:7 exclusion: 4 lemures, Joseph, Pikel
Lair:1 Gastronok


Innate Abilities, Weirdness & Mutations

You cannot wear most types of armour.
You are amphibious.
You can wear up to eight rings at the same time.
Your skin changes colour to match your surroundings (Stealth+).
Your rubbery body absorbs attacks. (AC +1, EV +1)
((You are camouflaged when in or above water. (Stealth+)))
You have tentacles for arms and can constrict up to eight enemies at once.


Message History

You punch Gastronok! You freeze Gastronok.
Gastronok is heavily wounded.
The quokka misses you. The quokka closely misses you.
The quokka completely misses you. The quokka closely misses you.
Gastronok closely misses you.
You punch Gastronok! You freeze Gastronok.
Gastronok is heavily wounded.
The quokka misses you.
The quokka bites you but does no damage.
You pummel Gastronok!! You freeze Gastronok!
Gastronok is severely wounded.
The quokka misses you.
The quokka bites you but does no damage.
Gastronok misses you. The quokka barely misses you.
The quokka closely misses you.
You punch Gastronok! You freeze Gastronok.
Gastronok is severely wounded.
The quokka misses you. x2
Gastronok waves his eye-stalks in wide circles.
The air twists around and strikes you.
You punch Gastronok! You freeze Gastronok!
Gastronok is almost dead.
The quokka completely misses you. x2; The quokka closely misses you.
The quokka misses you.
You punch Gastronok! You freeze Gastronok.
Gastronok is almost dead.
You warm up again.
The quokka bites you. The quokka completely misses you.
Gastronok gurgles, "Slow down, so I can eat you."
Gastronok bites you!!
Casting: Beastly Appendage (safe; 1% risk of failure)
Press: ? - help, Q - select action, (/) - cycle Dir - look around, f - activate
Okay, then.
You miscast Ice Form.
You are very lightly contaminated with residual magic.
Nothing appears to happen.
The quokka completely misses you. The quokka closely misses you.
The quokka misses you. The quokka completely misses you. Gastronok bites you!!!
Ouch! That really hurt!
You die...

##......................
##......................
#.......................
##......................
#....[...........##..##
#............... ......
#...####.#.............
#...####'.#.##..##.....
#...P#@wr+..#....###...
#...##rr.##...8....##..
#...#######..........#.
##...###.###....#.......
#................#.#....
##..................#...
##...................#..
#.......................
##...................##.


You could see Gastronok and 3 quokkas.

Vanquished Creatures
  A hydra (Lair:1)
  A rime drake (Lair:1)
  A komodo dragon (Lair:1)
  11 yaks
  A wyvern (Lair:1)
  A basilisk (Lair:1)
  6 water moccasins
  An ice beast (D:6)
  3 sky beasts
  2 black bears
  3 wolves (Lair:1)
  2 ogres
  3 kobold brigands
  2 bullfrogs
  2 necrophages
  3 scorpions
  7 killer bees
  An electric eel (Lair:1)
  5 jellies
  3 orc priests
  7 hounds
  A gnoll bouda (D:6)
  An iguana (D:6)
  Natasha (thrice) (D:2)
  An orc wizard (D:7)
  9 gnolls
  8 adders
  2 white imps
  2 ufetubi
  A worm (D:3)
  3 dart slugs
  16 orcs
  5 bats
  3 endoplasms (D:2)
  2 giant cockroaches
  2 goblins
  8 hobgoblins
  2 jackals (D:1)
  27 kobolds
  3 quokkas
  11 ball pythons
  2 frilled lizards (D:1)
  8 rats
186 creatures vanquished.

Vanquished Creatures (others)
  A fungus (Lair:1)
  23 plants
24 creatures vanquished.

Grand Total: 210 creatures vanquished

Notes
Turn   | Place    | Note
-------+----------+-------------------------------------------
     0 | D:1      | buhh the Octopode Transmuter began the quest for the Orb.
     0 | D:1      | Reached XP level 1. HP: 13/13 MP: 3/3
   185 | D:1      | Reached XP level 2. HP: 18/18 MP: 3/5
   775 | D:1      | Found a faded altar of an unknown god.
   840 | D:1      | Reached XP level 3. HP: 23/23 MP: 6/6
  1218 | D:2      | Noticed Natasha
  1224 | D:2      | Killed Natasha
  1225 | D:2      | Reached XP level 4. HP: 13/28 MP: 7/7
  1377 | D:2      | Noticed Natasha
  1386 | D:2      | Killed Natasha
  1526 | D:2      | Noticed Natasha
  1534 | D:2      | Killed Natasha
  1535 | D:2      | Reached XP level 5. HP: 29/34 MP: 8/8
  2786 | D:4      | Found a staircase to the Ecumenical Temple.
  2803 | Temple   | Entered the Ecumenical Temple
  3270 | D:4      | Reached skill level 3 in Dodging
  3333 | D:4      | Noticed an ogre
  3340 | D:4      | Killed an ogre
  3341 | D:4      | Reached XP level 6. HP: 40/41 MP: 9/9
  3468 | D:4      | Found a large runed translucent door.
  3469 | D:4      | Found a large runed translucent door.
  3658 | D:4      | Found a large runed translucent door.
  3658 | D:4      | Found a large runed translucent door.
  3680 | D:4      | Learned a level 2 spell: Wereblood
  3684 | D:4      | Learned a level 3 spell: Spider Form
  3691 | D:4      | Noticed a sky beast
  3705 | D:4      | Noticed an orc warrior
  3761 | D:5      | Entered Level 5 of the Dungeon
  3795 | D:5      | Reached skill level 5 in Unarmed Combat
  3803 | D:5      | Reached skill level 4 in Dodging
  4056 | D:5      | Reached XP level 7. HP: 27/45 MP: 10/10
  4366 | D:5      | Found a white marble altar of Elyvilon.
  4368 | D:5      | Found a glowing silver altar of Zin.
  4369 | D:5      | Found a glowing golden altar of the Shining One.
  4589 | Temple   | Became a worshipper of Cheibriados the Contemplative
  4985 | D:4      | Reached skill level 5 in Dodging
  5112 | D:5      | Reached XP level 8. HP: 33/54 MP: 11/11
  5358 | D:5      | Reached * piety under Cheibriados
  5535 | D:5      | Reached skill level 6 in Dodging
  5812 | D:5      | Found an ancient bone altar of Kikubaaqudgha.
  6607 | D:6      | Identified the +8 whip "Xuontat" {freeze, rElec rC+ rN+
                  | Dex-2}
  6717 | D:6      | Reached skill level 7 in Dodging
  6741 | D:6      | Noticed a moth of wrath
  6832 | D:6      | Reached ** piety under Cheibriados
  6995 | D:6      | Reached skill level 5 in Fighting
  7075 | D:6      | Reached XP level 9. HP: 47/61 MP: 12/12
  7993 | D:7      | Noticed Pikel
  8110 | D:7      | Reached skill level 8 in Dodging
  8168 | D:7      | Noticed Joseph
  8704 | D:7      | Reached *** piety under Cheibriados
  9004 | D:7      | Identified the +2 leather armour "Intaal" {Harm rPois rN+++
                  | SInv}
  9418 | D:8      | Reached skill level 9 in Dodging
  9489 | D:8      | Noticed a death yak
  9490 | D:8      | Noticed a death yak
  9491 | D:8      | Noticed a death yak
  9644 | D:8      | Found a staircase to the Lair.
  9652 | D:8      | Reached XP level 10. HP: 68/68 MP: 13/13
  9678 | D:8      | Reached skill level 5 in Transmutations
  9814 | D:8      | Learned a level 4 spell: Ice Form
  9815 | Lair:1   | Entered Level 1 of the Lair of Beasts
  9815 | Lair:1   | You are sucked into a shaft and drop 1 floor!
  9980 | Lair:1   | Reached **** piety under Cheibriados
 10283 | Lair:1   | Reached skill level 10 in Dodging
 10700 | Lair:1   | Noticed Gastronok
 10835 | Lair:1   | Noticed a four-headed hydra
 11213 | Lair:1   | Killed a four-headed hydra
 11214 | Lair:1   | Reached skill level 5 in Ice Magic
 11214 | Lair:1   | Reached skill level 5 in Invocations
 11653 | Lair:1   | Mangled by Gastronok

Illustrated notes

Levels and vault maps discovered:
D:1:      onia_arrival_handbag, layout_basic,
          hellmonk_ecumenical_altar_leap_of_faith
D:2:      layout_basic, uniq_natasha
D:3:      layout_basic, st_stairs_4, kennysheep_generic_room_15
D:4:      minmay_angry_zag, layout_rooms, minmay_temple_entry_offerings,
          serial_forest, infiniplex_forest_straight_2,
          infiniplex_forest_lined_2, infiniplex_forest_zigzag_1,
          infiniplex_forest_straight_1, infiniplex_forest_straight_3,
          infiniplex_forest_lined_1, infiniplex_forest_zigzag_1,
          infiniplex_forest_end_double, infiniplex_forest_lined_1,
          infiniplex_forest_clump_curved, hangedman_decor_riveting,
          minmay_hollow_rounded_squares
D:5:      layout_basic, good_gods_temple_1, mainiacjoe_overflow_six_doors_small,
          serial_corexii_hall, chequers_hall_statues_wall_a,
          corexii_hall_statues_l, corexii_hall_statues_l,
          corexii_hall_statues_x, st_stairs_7
D:6:      layout_cave_pods, tgw_trog
D:7:      layout_gridville, uniq_joseph, uniq_pikel
D:8:      layout_layer_cave, okawaru_metal_pillars_1_2, dpeg_lair_monsters
Temple:   nicolae_temple_two_arcs
Lair:1:   layout_regular_city, grunt_megastairs_4, serial_bayou_shore_a,
          infiniplex_staircase_pool, uniq_gastronok
Lair:2:   layout_gridlike, elwin_shoals_entry_rooms, ebering_ghost_rock_garden,
          kennysheep_rathole, lemuel_fruit_fields, grunt_megastairs_2

Skill      XL: |  1  2  3  4  5  6  7  8  9 10 |
---------------+-------------------------------+-----
Stealth        | 1 2 3 |  3.0
Poison Magic   | 1 2 |  2.0
Unarmed Combat | 4 5 6 7 |  7.0
Fighting       | 2 3 5 6 |  6.0
Dodging        | 3 4 5 7 9 10 | 10.0
Invocations    | 2 6 |  6.7
Transmutations | 4 5 |  5.0
Ice Magic      | 5 |  5.0
Spellcasting   | |  2.0

Action                   |  1- 3 |  4- 6 |  7- 9 | 10-12 || total
-------------------------+-------+-------+-------+-------++-------
Melee: Unarmed           |    61 |   108 |   227 |   113 ||   509
       Constrict         |    21 |    17 |    26 |     1 ||    65
       Kick              |    19 |    21 |    17 |       ||    57
       Tentacles         |     6 |    14 |    18 |       ||    38
       Punch             |       |     2 |     7 |     1 ||    10
 Cast: Beastly Appendage |    25 |    22 |    12 |       ||    59
       Spider Form       |       |     5 |    26 |     5 ||    36
       Wereblood         |       |       |     1 |     2 ||     3
       Ice Form          |       |       |       |     9 ||     9
 Abil: End Transformatio |       |       |       |     1 ||     1
Evoke: Wand              |       |       |     8 |     7 ||    15
       Phantom mirror    |       |       |       |     1 ||     1
  Use: Scroll            |       |     8 |     3 |     1 ||    12
       Potion            |       |     1 |       |       ||     1
 Stab: Sleeping          |     5 |     7 |     7 |       ||    19
       Petrified         |       |       |       |     3 ||     3
Armor: Skin              |     8 |     4 |     5 |    12 ||    29
Dodge: Dodged            |    40 |    53 |   203 |   151 ||   447

Table legend: (Time is in decaauts)
 A = Elapsed time spent in this place.
 B = Non-inter-level travel time spent in this place.
 C = Inter-level travel time spent in this place.
 D = Time resting spent in this place.
 E = Time spent auto-exploring this place.
 F = Levels seen in this place.
 G = Mean time per level.
                   A        B        C        D        E       F      G
               +--------+--------+--------+--------+--------+-----+--------+
         Total |  13581 |  12920 |    661 |   2139 |   8166 |  11 | 1234.6 |
       Dungeon |  11309 |  10815 |    494 |   1729 |   7158 |   8 | 1413.6 |
        Temple |     44 |     25 |     19 |      0 |      5 |   1 |   44.0 |
          Lair |   2227 |   2080 |    147 |    410 |   1003 |   2 | 1113.5 |
               +--------+--------+--------+--------+--------+-----+--------+

Top non-repeatable levels by time:
  Lair:1: 2218 daAuts
     D:6: 2153 daAuts
     D:5: 2090 daAuts
     D:7: 1916 daAuts
     D:4: 1634 daAuts
     D:2: 1006 daAuts
     D:3: 888 daAuts
     D:1: 887 daAuts
     D:8: 733 daAuts
  Temple: 44 daAuts
  Lair:2: 9 daAuts
